Selects Airborne Battlegroup
Selects Airborne Battlegroup
Construct Weapon Support Center
Mechanized Support Center
Selects Paratrooper Squad Paradrop
Paratrooper Squad Paradrop
M3 Armored Personnel Carrier
Designate Forward Repair Station
Construct Medical Station
Paratrooper Squad Paradrop
Selects Anti-tank Gun Team Paradrop
Anti-tank Gun Team Paradrop
Selects Smoke Bombing Run
Paratrooper Squad Paradrop